 Dungeon Crawl Stone Soup version 0.31-a0-844-gdc52ec4e09 (webtiles) character file.

Game seed: 13621221079652139419

58 Ijustatesigmund the Magician (level 3, -1/20 HPs)
             Began as a Deep Elf Fire Elementalist on Sept 29, 2023.
             Slain by an orc
             ... wielding a +0 short sword
              (2 damage)
             ... on level 3 of the Dungeon.
             The game lasted 00:02:54 (2517 turns).

Ijustatesigmund the Magician (DEFE)                 Turns: 2517, Time: 00:02:55

Health: -1/20      AC:  2    Str:  5    XL:     3   Next: 75%
Magic:  10/10      EV: 12    Int: 21    God:
Gold:   105        SH:  0    Dex: 15    Spells: 6/9 levels left

rFire   . . .        m - +0 arbalest
rCold   . . .        (shield currently unavailable)
rNeg    . . .        a - +0 robe
rPois   .            (no helmet)
rElec   .            (no cloak)
rCorr   .            (no gloves)
SInv    .            (no boots)
Will    .....        (no amulet)
Stlth   ++           (no ring)
HPRegen 0.23/turn    (no ring)
MPRegen 0.12/turn

%: no passive effects
@: no status effects
A: no striking features
a: no special abilities


You were on level 3 of the Dungeon.
You visited 1 branch of the dungeon, and saw 3 of its levels.

You collected 105 gold pieces.

Inventory:

Hand Weapons
 i - a +1 dagger of speed
 m - a +0 arbalest (weapon)
Armour
 a - a +0 robe (worn)
Jewellery
 k - an amulet of magic regeneration
Scrolls
 c - a scroll of identify
 g - a scroll of vulnerability {unknown}
 h - a scroll of enchant armour {unknown}
 j - a scroll of enchant weapon {unknown}
 l - a scroll of immolation {unknown}
Potions
 b - a potion of magic
 d - a potion of brilliance
 e - a potion of resistance
 f - 2 potions of lignification


   Skills:
 - Level 1.1 Fighting
 + Level 0.4 Ranged Weapons
 - Level 2.4 Dodging
 - Level 2.4 Stealth
 + Level 3.9 Spellcasting
 + Level 2.1 Conjurations
 + Level 3.8 Fire Magic


You had 6 spell levels left.
You knew the following spells:

 Your Spells              Type           Power      Damage    Failure   Level
a - Foxfire               Conj/Fire      64%        2x1d7     3%          1
b - Scorch                Fire           40%        2d6       3%          2

Your spell library contained the following spells:

 Spells                   Type           Power      Damage    Failure   Level
 Inner Flame              Hex/Fire       12%        N/A       17%         3
 Volatile Blastmotes      Fire/Tloc      24%        2d12      17%         3
 Flame Wave               Conj/Fire      16%        2d7       34%         4


Dungeon Overview and Level Annotations

Branches:
Dungeon (3/15)

Altars:
Zin

Shops:
D:1 [


Message History

Confirm with . or Enter, or press ? or * to list all spells.
You don't know that spell.
You shoot a bolt.
The bolt hits the orc wizard but does no damage.
The orc wizard closely misses you. The orc wizard barely misses you.
Unknown command.
The orc wizard attacks as it pursues you!
The orc wizard hits you with a +0 dagger.
Casting: Scorch (safe; 3% risk of failure)
Confirm with . or Enter, or press ? or * to list all spells.
You conjure some foxfire!
The orc wizard points at you and mumbles some strange words.
You are confused.
The foxfire hits the orc wizard.
The orc wizard is lightly wounded.
The foxfire hits the orc wizard.
The orc wizard is moderately wounded.
You're too confused to cast spells.
You're too confused to cast spells.
Unknown command.
Okay, then.
The orc attacks as it pursues you! The orc hits you with a +0 short sword.
The orc wizard points at you and mumbles some strange words.
The puff of flame hits you!
You're too confused to move!
The orc wizard hits you with a +0 dagger.
The orc hits you with a +0 short sword.
* * * LOW HITPOINT WARNING * * *
You bump into the closed door.
The orc wizard barely misses you.
You bump into the closed door.
The orc wizard closely misses you. The orc barely misses you.
You're too confused to move!
The orc wizard hits you with a +0 dagger.
* * * LOW HITPOINT WARNING * * *
You barely miss the orc wizard.
You feel less confused.
The orc wizard hits you with a +0 dagger.
* * * LOW HITPOINT WARNING * * *
The orc hits you with a +0 short sword.
You die...

##...#.......#
#...#.......# #
#...#.......# ..
##.'#)####### ...
#.'#........ >...
#.†......... .....
#...........
......##.oo#.......
......'.oo@+.......
.....)######<.#####
..... ..# .... ..#
###


You could see 2 orc wizards and 2 orcs.

Vanquished Creatures
  4 dart slugs
  An orc (D:3)
  4 endoplasms
  3 giant cockroaches
  3 hobgoblins
  6 ball pythons
  4 bats
  2 frilled lizards (D:2)
  5 goblins
  9 kobolds
  4 rats (D:1)
45 creatures vanquished.

Vanquished Creatures (others)
  135 foxfires
135 creatures vanquished.

Grand Total: 180 creatures vanquished

Notes
Turn   | Place    | Note
-------+----------+-------------------------------------------
     0 | D:1      | Ijustatesigmund the Deep Elf Fire Elementalist began the
                  | quest for the Orb.
     0 | D:1      | Reached XP level 1. HP: 10/10 MP: 6/6
   264 | D:1      | Reached XP level 2. HP: 16/16 MP: 5/8
   267 | D:1      | Learned a level 2 spell: Scorch
   539 | D:1      | Found a faded altar of an unknown god.
   643 | D:1      | Found Puciat's Armour Emporium.
  1306 | D:2      | Reached XP level 3. HP: 20/20 MP: 5/10
  1383 | D:2      | Found a glowing silver altar of Zin.
  1704 | D:2      | Reached skill level 1 in Fighting
  2517 | D:3      | HP: 1/20 [orc wizard/+0 dagger (2)]
  2517 | D:3      | Slain by an orc

Illustrated notes

Levels and vault maps discovered:
D:1:      heliophobic_arrival_ceremonial_halls, layout_basic,
          basic_ecumenical_altar, serial_shops, shop
D:2:      layout_basic, basic_altar
D:3:      layout_basic, mainiacjoe_overflow_catwalk_spiral, serial_curves,
          eino_curves_02, eino_curves_01

Skill      XL: |  1  2  3 |
---------------+----------+-----
Fighting       | 1 |  1.1
Conjurations   | 2 |  2.1
Ranged Weapons | |  0.4
Dodging        | |  2.4
Stealth        | |  2.4
Spellcasting   | |  3.9
Fire Magic     | |  3.8

Action                     || total
---------------------------++-------
  Melee: Arbalest          ||     1
   Fire: Arbalest          ||    11
   Cast: Foxfire           ||    78
         Scorch            ||     7
    Use: Scroll            ||     4
 Armour: Robe              ||    10
  Dodge: Dodged            ||     8

Table legend: (Time is in decaauts)
 A = Elapsed time spent in this place.
 B = Non-inter-level travel time spent in this place.
 C = Inter-level travel time spent in this place.
 D = Time resting spent in this place.
 E = Time spent auto-exploring this place.
 F = Levels seen in this place.
 G = Mean time per level.
                   A        B        C        D        E       F      G
               +--------+--------+--------+--------+--------+-----+--------+
         Total |   2525 |   2502 |     23 |      0 |   2191 |   3 |  841.7 |
       Dungeon |   2525 |   2502 |     23 |      0 |   2191 |   3 |  841.7 |
               +--------+--------+--------+--------+--------+-----+--------+

Top non-repeatable levels by time:
     D:2: 1263 daAuts
     D:1: 1139 daAuts
     D:3: 122 daAuts
